 Dungeon Crawl Stone Soup version 0.23-a0-703-gdf2d5e0 (webtiles) character file.

123 George the Chopper (level 4, -3/39 HPs)
             Began as a Minotaur Fighter on Jan 13, 2019.
             Slain by an ogre
             ... wielding a +0 giant spiked club
              (15 damage)
             ... on level 3 of the Dungeon.
             The game lasted 00:01:55 (1709 turns).

George the Chopper (Minotaur Fighter)               Turns: 1709, Time: 00:01:55

Health: -3/39      AC:  8    Str: 22    XL:     4   Next: 79%
Magic:  3/3        EV:  7    Int:  5    God:
Gold:   76         SH:  9    Dex:  9    Spells: 3/3 levels left

rFire    . . .     SeeInvis .   a - +0 war axe
rCold    . . .     Gourm    .   c - +0 shield
rNeg     . . .     Faith    .   b - +0 scale mail
rPois    .         Spirit   .   (helmet restricted)
rElec    .         Reflect  .   g - +0 cloak
rCorr    .         Harm     .   (no gloves)
MR       .....                  (no boots)
Stlth    ..........             (no amulet)
HPRegen  0.13/turn              (no ring)
MPRegen  0.08/turn              (no ring)

@: no status effects
A: retaliatory headbutt, horns 2
a: no special abilities


You were on level 3 of the Dungeon.
You were not hungry.

You visited 1 branch of the dungeon, and saw 3 of its levels.

You collected 76 gold pieces.

Inventory:

Hand Weapons
 a - a +0 war axe (weapon)
Armour
 b - a +0 scale mail (worn)
 c - a +0 shield (worn)
 g - a +0 cloak (worn)
Scrolls
 e - 2 scrolls of identify {unknown}
 l - a scroll of remove curse {unknown}
 m - a scroll of enchant weapon {unknown}
 o - a scroll of magic mapping {unknown}
Potions
 d - a potion of might
 h - a potion of lignification {unknown}
 i - 3 potions of haste {unknown}
 j - a potion of resistance {unknown}
 k - a potion of flight {unknown}
 n - a potion of degeneration {unknown}
Comestibles
 f - 3 rations
 p - 2 chunks of flesh


   Skills:
 - Level 3.6 Fighting
 + Level 6.1 Axes
 - Level 3.6 Armour
 - Level 3.6 Shields


You had 3 spell levels left.
You didn't know any spells.
Your spell library was empty.

Dungeon Overview and Level Annotations

Branches:
Dungeon (3/15)

Altars:

Annotations:
D:3 Jessica


Innate Abilities, Weirdness & Mutations

You reflexively headbutt those who attack you in melee.
You have a pair of horns on your head.


Message History

You kill the adder!
Jessica mumbles some strange words.
Jessica blinks!
You hit the ogre.
The ogre is lightly wounded.
The ogre barely misses you.
You hit the ogre but do no damage. You block the ogre's attack.
You hit the ogre.
The ogre is lightly wounded.
You block the ogre's attack.
You barely miss the ogre. You headbutt the ogre!
The ogre is heavily wounded.
You block the ogre's attack.
You barely miss the ogre.
The ogre is heavily wounded.
The ogre hits you with a +0 giant spiked club!
You slash the ogre!
The ogre is severely wounded.
The ogre hits you with a +0 giant spiked club!
You die...

##.....##.# #................
##.....##.#######................
.................................
#########.###########............
#....................<÷.. #
#############............ #
########.....
#################### #.....
.'..#..#..#..##.@Or# #.[...
###.##.##...##..##l@.# #.....
..#..#..#..##.#..#..## #.......
.###.##...##.#..###... #.##....
#..#..#).##.#.....#..## #. #..##
..###.†)##.#..#..###.# # ####
##..#..##.#..#.##..#..
#..#####.#..#.## .###r#
###..##.#..#.## #.


You could see an ogre, Jessica, a frilled lizard and a rat.

Vanquished Creatures
  A crimson imp (D:3)
  3 adders
  An ooze (D:1)
  A worm (D:3)
  2 leopard geckos
  3 orcs (D:3)
  A ball python (D:2)
  7 bats
  2 giant cockroaches
  6 goblins
  A hobgoblin (D:2)
  6 jackals
  5 kobolds
  7 frilled lizards
  4 rats
50 creatures vanquished.

Notes
Turn   | Place    | Note
-------+----------+-------------------------------------------
     0 | D:1      | George the Minotaur Fighter began the quest for the Orb.
     0 | D:1      | Reached XP level 1. HP: 19/19 MP: 0/0
   103 | D:1      | Reached skill level 3 in Axes
   241 | D:1      | Reached XP level 2. HP: 23/26 MP: 1/1
   514 | D:2      | Reached skill level 4 in Axes
   671 | D:2      | Reached XP level 3. HP: 31/31 MP: 2/2
  1546 | D:3      | Reached skill level 5 in Axes
  1554 | D:3      | Reached XP level 4. HP: 36/39 MP: 3/3
  1685 | D:3      | Reached skill level 6 in Axes
  1691 | D:3      | Noticed Jessica
  1692 | D:3      | Noticed an ogre
  1709 | D:3      | Slain by an ogre

Vault maps used:
D:1:      lightli_arrival_chessboard, st_stairs_1, hangedman_decor_opposing
D:2:      first_ration
D:3:      minmay_razor_zed, nicolae_ru_the_path_less_chosen, elyvilon_altar_1,
          uniq_jessica

Skill      XL: |  1  2  3  4 |
---------------+-------------+-----
Axes           | 3 4 5 6 |  6.1
Fighting       | |  3.6
Armour         | |  3.6
Shields        | |  3.6

Action                   |  1- 3 |  4- 6 || total
-------------------------+-------+-------++-------
Melee: War axe           |   102 |    29 ||   131
       Headbutt          |    11 |     3 ||    14
  Eat: Chunk             |     1 |     2 ||     3
Armor: Scale mail        |    53 |    14 ||    67
Dodge: Dodged            |    42 |    10 ||    52
Block: Shield            |    70 |    18 ||    88

Table legend:
 A = Non-vault XP
 B = Vault XP
 C = Vault XP percentage of total XP
 D = Non-vault monster count
 E = Vault monster count
 F = Vault count percentage of total count
                 A         B        C        D         E       F
            +---------+---------+-------+---------+---------+-------
      Total |     149 |      27 |  15.3 |      40 |      10 |  20.0
            +---------+---------+-------+---------+---------+-------
        D:1 |      13 |      10 |  43.5 |      10 |       3 |  23.1
        D:2 |      50 |       0 |   0.0 |      23 |       0 |   0.0
        D:3 |      86 |      17 |  16.5 |       7 |       7 |  50.0
            +---------+---------+-------+---------+---------+-------
